 Dungeon Sprint DCSS version 0.23-a0-242-g2b5ca64 (webtiles) character file.

98168 Kidiri the Hoplite (level 15, -10/160 HPs)
             Began as a Minotaur Fighter on Sept 28, 2018.
             Was the Champion of Qazlal.
             Killed from afar by a titan (16 damage)
             ... with a bolt of lightning
             ... in the Dungeon (Sprint V: "Ziggurat Sprint").
             The game lasted 00:22:49 (2890 turns).

Kidiri the Hoplite (Minotaur Fighter)               Turns: 2890, Time: 00:22:50

Health: -10/160    AC: 41    Str: 40    XL:     15   Next: 74%
Magic:  5/24       EV: 23    Int:  2    God:    Qazlal [******]
Gold:   0          SH: 50    Dex: 26    Spells: 14/14 levels left

rFire    . . .     SeeInvis +   a - +14 obsidian axe {chop, +Fly SInv *Curse} (curse)
rCold    . . .     Gourm    .   c - +18 shield of the Gong {rElec rN+ MR+ EV-5}
rNeg     + . .     Faith    .   b - +15 Maxwell's patent armour {-Cast -Tele rElec MR+ rCorr}
rPois    +         Spirit   .   (helmet restricted)
rElec    +         Reflect  +   (no cloak)
rCorr    +         Harm     .   R - +2 pair of gloves {Str+3}
MR       +++..     NoTele   +   V - +1 pair of boots of Cloud Cover {rElec rCorr Dex+4 Stlth+} Stlth ..........NoCast +
                                S - +4 amulet of reflection
HPRegen  0.36/turn              F - ring of the Shining Light {rPois Str+6 Int-3 Dex+10 Stlth-}
MPRegen  0.19/turn              A - +6 ring of strength

@: protected from electricity, mesmerised, repel missiles
A: retaliatory headbutt, horns 2
a: Upheaval, Elemental Force, Disaster Area, Renounce Religion, Evoke Flight


You were in the Dungeon.
You worshipped Qazlal.
Qazlal was exalted by your worship.
You were hungry.

You visited 1 branch

Inventory:

Hand Weapons
 a - the cursed +14 obsidian axe (weapon) {chop, +Fly SInv *Curse}
   (You found it in the Dungeon)

   It inflicts extra damage upon your enemies.
   It lets you see invisible.
   It lets you fly.
   It curses itself when equipped.
   It has a curse placed upon it.
Missiles
 H - 14 tomahawks (quivered)
 I - 2 throwing nets
Armour
 b - the +15 Maxwell's patent armour (worn) {-Cast -Tele rElec MR+ rCorr}
   (You found it in the Dungeon)

   It insulates you from electricity.
   It affects your resistance to hostile enchantments.
   It prevents spellcasting.
   It prevents most forms of teleportation.
   It provides partial protection from all sources of acid and corrosion.
 c - the +18 shield of the Gong (worn) {rElec rN+ MR+ EV-5}
   (You found it in the Dungeon)

   It affects your evasion (-5).
   It insulates you from electricity.
   It protects you from negative energy.
   It affects your resistance to hostile enchantments.
 R - a +2 pair of gloves of strength (worn)
 V - the +1 pair of boots of Cloud Cover (worn) {rElec rCorr Dex+4 Stlth+}
   (You found it in the Dungeon)

   It affects your dexterity (+4).
   It insulates you from electricity.
   It provides partial protection from all sources of acid and corrosion.
   It makes you more stealthy.
Jewellery
 w - the amulet "Xoroick" {Faith *Slow +Inv Int+4}
   (You found it in the Dungeon)

   [amulet of faith]

   It allows you to gain divine favour quickly.
   It affects your intelligence (+4).
   It lets you turn invisible.
   It may slow you when you take damage.
 x - the ring "Ewyo" {rElec rC+++ Str+2 Int-4 Stlth+}
   (You found it in the Dungeon)

   [ring of stealth]

   It affects your strength (+2).
   It affects your intelligence (-4).
   It renders you almost immune to cold.
   It insulates you from electricity.
   It makes you more stealthy.
 y - the ring "Geziolao" {rElec Stlth+}
   (You found it in the Dungeon)

   [ring of stealth]

   It insulates you from electricity.
   It makes you more stealthy.
 z - the ring "Zoryareome" {Fire rN+}
   (You found it in the Dungeon)

   [ring of fire]

   It enhances your fire magic.
   It protects you from fire.
   It makes you vulnerable to cold.
   It protects you from negative energy.
 A - a +6 ring of strength (right hand)
 B - the ring "Zoutapad" {Ice rElec rN++ Int+2 Dex-5 Stlth+}
   (You found it in the Dungeon)

   [ring of ice]

   It enhances your ice magic.
   It affects your intelligence (+2).
   It affects your dexterity (-5).
   It makes you vulnerable to fire.
   It protects you from cold.
   It insulates you from electricity.
   It greatly protects you from negative energy.
   It makes you more stealthy.
 F - the ring of the Shining Light (left hand) {rPois Str+6 Int-3 Dex+10 Stlth-}
   (You found it in the Dungeon)

   [ring of strength]

   It affects your strength (+6).
   It affects your intelligence (-3).
   It affects your dexterity (+10).
   It protects you from poison.
   It makes you less stealthy.
 G - the ring "Cerghunn" {rCorr rPois rC+ MP+9 Stlth-}
   (You found it in the Dungeon)

   [ring of resist corrosion]

   It protects you from cold.
   It protects you from poison.
   It affects your magic capacity (+9).
   It makes you less stealthy.
 J - the ring "Ikhlioh" {rN++ MR+}
   (You found it in the Dungeon)

   [ring of protection from magic]

   It greatly protects you from negative energy.
   It affects your resistance to hostile enchantments.
 K - the ring of Kususus {rC++ MP+9 Slay+3}
   (You took it off an iron imp in the Dungeon)

   [ring of magical power]

   It affects your accuracy and damage with ranged weapons and melee attacks
   (+3).
   It greatly protects you from cold.
   It affects your magic capacity (+9).
 L - the ring "Puynuiha" {+Blink rF+ rN+ Int+4 Dex-4}
   (You took it off a necromancer in the Dungeon)

   [ring of positive energy]

   It affects your intelligence (+4).
   It affects your dexterity (-4).
   It protects you from fire.
   It protects you from negative energy.
   It lets you blink.
 M - the ring "Uluikoth" {Wiz Str+5}
   (You found it in the Dungeon)

   [ring of wizardry]

   It improves your spell success rate.
   It affects your strength (+5).
 O - the ring of the Saviour {rCorr Dex+6}
   (You found it in the Dungeon)

   [ring of resist corrosion]

   It affects your dexterity (+6).
 P - the ring "Willos" {+Inv rF+ MR+}
   (You found it in the Dungeon)

   [ring of protection from fire]

   It protects you from fire.
   It affects your resistance to hostile enchantments.
   It lets you turn invisible.
 S - a +4 amulet of reflection (around neck)
 T - the amulet "Aniowkaa" {+Rage rPois MR+}
   (You found it in the Dungeon)

   [amulet of rage]

   It protects you from poison.
   It affects your resistance to hostile enchantments.
   It lets you go berserk.
 W - the amulet "Neyhin" {Acrobat -Tele rPois Str+3}
   (You found it in the Dungeon)

   [amulet of the acrobat]

   It helps you evade while moving and waiting.
   It affects your strength (+3).
   It protects you from poison.
   It prevents most forms of teleportation.
 X - the ring of Joy {rF+ rC+ MR+}
   (You found it in the Dungeon)

   [ring of protection from magic]

   It protects you from fire.
   It protects you from cold.
   It affects your resistance to hostile enchantments.
 Y - the ring of the Cricket {rElec MR+ Slay-5 Stlth+}
   (You found it in the Dungeon)

   [ring of protection from magic]

   It affects your accuracy and damage with ranged weapons and melee attacks
   (-5).
   It insulates you from electricity.
   It affects your resistance to hostile enchantments.
   It makes you more stealthy.
Wands
 C - a wand of disintegration (7)
 D - a wand of iceblast (7)
 E - a wand of acid (7)
Scrolls
 k - 4 scrolls of blinking
 q - 4 scrolls of amnesia
 r - 7 scrolls of fog
 s - a scroll of holy word
 t - 5 scrolls of identify
 u - 5 scrolls of remove curse
 v - 2 scrolls of fear
 N - 2 scrolls of enchant armour
Potions
 d - 6 potions of might
 e - 6 potions of curing
 h - 13 potions of haste
 i - 7 potions of magic
 j - 3 potions of berserk rage
 l - 2 potions of brilliance
 m - 2 potions of invisibility
 n - 4 potions of resistance
 p - 5 potions of agility
Comestibles
 f - 9 rations
 o - 2 chunks of flesh


   Skills:
 * Level 21.8 Fighting
 * Level 21.8 Axes
 * Level 21.9 Armour
 * Level 20.2 Dodging
 * Level 23.3 Shields
 + Level 14.1 Invocations
 + Level 13.1 Evocations


You had 14 spell levels left.
You didn't know any spells.
Your spell library was empty.

Dungeon Overview and Level Annotations

Branches:
Dungeon (1/1)

Altars:
Ashenzari
Cheibriados
Dithmenos
Elyvilon
Fedhas
Gozag
Hepliaklqana
Kikubaaqudgha
Makhleb
Nemelex Xobeh
Okawaru
Qazlal
Ru
Sif Muna
Trog
Uskayaw
Vehumet
Wu Jian
Xom
Yredelemnul
Zin
The Shining One
Beogh
Jiyva
Lugonu


Innate Abilities, Weirdness & Mutations

You reflexively headbutt those who attack you in melee.
You have a pair of horns on your head.


Message History

The air twists around and strikes you!
The storm dragon bites you but does no damage.
The storm dragon completely misses you. You block the storm dragon's attack.
PANG!
The titan is engulfed in freezing vapours.
The titan misses you. The electric golem closely misses you.
You block the electric golem's attack.
BOUMMMMG!
The electric golem barely misses you.
The electric golem hits you but does no damage.
The electric golem hurls lightning at you.
The bolt of lightning misses you.
The titan points at you and mumbles some strange words.
The bolt of lightning hits the insubstantial wisp.
The insubstantial wisp completely resists.
The bolt of lightning hits the electric golem.
The electric golem completely resists.
The bolt of lightning hits you! You resist.
You feel more protected from electricity.
You die...

▓......8©8....
:||:§[)=::))...▓..).[::[.=:).
vC}[=[!}|}[}|..▓...=})..)::[.
.|||[≈)≈:.[|....▓......})..)..
...§§§†="C.†.≈..▓.............
..kk§§..........▓.............
...§§...≈..vCC§.▓.............
...§.§....k.8CD§▓.............
...§§§.....D8@.§▓.............
...§§......k8.§§▓......))))...
...§§.......84§.▓......†......
....§...........▓......))|....
...▓.......▓....▓......)|)....
................▓.............
..........§.....▓.......©.....
................▓▓▓▓▓▓▓▓▓▓▓▓▓▓
.......©........▓


You could see 4 electric golems, 4 titans, 2 storm dragons, 2 wind drakes, an
insubstantial wisp and a friendly hellwing.

Vanquished Creatures
  5 electric golems (D)
  3 liches (D)
  A titan (D)
  3 storm dragons (D)
  4 frost giants (D)
  3 ghost moths (D)
  An emperor scorpion (D)
  2 reapers (D)
  3 ghouls (D)
  2 vampire knights (D)
  A spark wasp (D)
  2 blizzard demons (D)
  3 merfolk impalers (D)
  3 catoblepae (D)
  2 hydras (D)
  6 spriggan air magi (D)
  2 ice dragons (D)
  A merfolk avatar (D)
  A merfolk aquamancer (D)
  2 vampire magi (D)
  2 skeletal warriors (D)
  2 sea snakes (D)
  4 necromancers (D)
  A phantasmal warrior (D)
  8 wolf spiders (D)
  3 orb spiders (D)
  A harpy (D)
  A manticore (D)
  A moth of wrath (D)
  An elephant (D)
  A merfolk siren (D)
  2 rust devils (D)
  4 black mambas (D)
  A water nymph (D)
  An eye of devastation (D)
  4 spiny frogs (D)
  2 torpor snails (D)
  A hellion (D)
  3 rime drakes (D)
  2 komodo dragons (D)
  A guardian mummy (D)
  2 freezing wraiths (D)
  A demonic crawler (D)
  4 ice devils (D)
  An ancient zyme (D)
  3 merfolk (D)
  4 jumping spiders (D)
  A red devil (D)
  2 hornets (D)
  3 hippogriffs (D)
  4 polar bears (D)
  2 slime creatures (D)
  4 wind drakes (D)
  A snapping turtle (D)
  2 blink frogs (D)
  4 large abominations (D)
  4 flying skulls (D)
  4 redbacks (D)
  2 tarantellas (D)
  A spriggan (shapeshifter) (D)
  8 air elementals (D)
  5 yaks (D)
  2 vampires (D)
  2 shadows (D)
  2 wraiths (D)
  A basilisk (D)
  A golden eye (D)
  2 small abominations (D)
  A neqoxec (D)
  2 nagas (D)
  5 insubstantial wisps (D)
  3 water moccasins (D)
  4 porcupines (D)
  A black bear (D)
  2 ice beasts (D)
  5 necrophages (D)
  A wolf (D)
  An eye of draining (D)
  A centaur (D)
  A crocodile (D)
  3 bullfrogs (D)
  6 wights (D)
  3 quasits (D)
  5 jellies (D)
  An iron imp (D)
  An iguana (D)
  7 mummies (D)
  2 river rats (D)
  3 adders (D)
  A shadow imp (D)
  5 white imps (D)
  2 ufetubi (D)
  2 oozes (D)
  2 adder skeletons (D)
  An adder zombie (D)
  An adder simulacrum (D)
  6 bat skeletons (D)
  3 bat zombies (D)
  3 ball pythons (D)
  A ball python zombie (D)
  2 giant cockroach zombies (D)
  2 jackal skeletons (D)
  A leopard gecko simulacrum (D)
  2 leopard gecko skeletons (D)
  A quokka skeleton (D)
  A quokka zombie (D)
262 creatures vanquished.

Vanquished Creatures (collateral kills)
  A greater mummy (D)
  A reaper (D)
  2 merfolk impalers (D)
  A rime drake (D)
  An ancient zyme (D)
  An ice devil (D)
  A demonic crawler (D)
  5 merfolk (D)
  3 ice beasts (D)
  2 hell hounds (D)
  2 centaurs (D)
  A crocodile (D)
  2 bullfrogs (D)
  A small abomination (D)
  A wight (D)
  A shadow imp (D)
  An adder zombie (D)
  An adder skeleton (D)
28 creatures vanquished.

Vanquished Creatures (others)
  An ancient lich (D)
  A titan (D)
  An emperor scorpion (D)
  An ice dragon (D)
  A spriggan air mage (D)
  A satyr (D)
  2 wind drakes (D)
  2 insubstantial wisps (D)
  A necrophage (D)
11 creatures vanquished.

Grand Total: 301 creatures vanquished

Notes
Turn   | Place    | Note
-------+----------+-------------------------------------------
     0 | D        | Found the +6 Majin-Bo {vamp, Archmagi MP+6 Int+6}
     0 | D        | Found the +7 great mace "Firestarter" {inner flame, rF++}
     0 | D        | Kidiri the Minotaur Fighter began the quest for the Orb.
     0 | D        | Reached XP level 1. HP: 19/19 MP: 0/0
     0 | D        | Found a deep blue altar of Sif Muna.
     0 | D        | Found a sacrificial altar of Ru.
     0 | D        | Found a bloodstained altar of Trog.
     0 | D        | Found a stormy altar of Qazlal.
     0 | D        | Found an iron altar of Okawaru.
     0 | D        | Found a sparkling altar of Nemelex Xobeh.
     0 | D        | Found a blossoming altar of Fedhas.
     2 | D        | Found a transporter.
     2 | D        | Found an ancient bone altar of Kikubaaqudgha.
     2 | D        | Found a viscous altar of Jiyva.
     2 | D        | Found a corrupted altar of Lugonu.
     2 | D        | Found a hazy altar of Hepliaklqana.
     2 | D        | Found a burning altar of Makhleb.
     2 | D        | Found an opulent altar of Gozag.
    19 | D        | Found the +9 heavy crossbow "Sniper" {velocity, Acc+∞ SInv}
    19 | D        | Found the +10 dark maul {crush}
    19 | D        | Found the +15 Maxwell's patent armour {-Cast -Tele rElec
                  | MR+ rCorr}
    19 | D        | Found the +18 shield of the Gong {rElec rN+ MR+ EV-5}
    19 | D        | Found the cursed +14 obsidian axe {chop, +Fly SInv *Curse}
    20 | D        | Found the +6 shillelagh "Devastator" {shatter}
    20 | D        | Found the +11 plutonium sword {*Contam Stlth-}
    20 | D        | Found the +8 lance "Wyrmbane" {slay drac, rPois rF+ rC+
                  | AC+3}
    20 | D        | Found the +9 sword of Zonguldrok {reap}
    20 | D        | Found the cursed +13 scythe of Curses {drain, *Curse}
    20 | D        | Found the +0 sword of Power
    20 | D        | Found the +7 mace of Variability {chain chaos}
    20 | D        | Found the +7 Singing Sword
    20 | D        | Found the +7 longbow "Piercer" {penet, EV-2}
    95 | D        | Became a worshipper of Qazlal Stormbringer
   109 | D        | Reached skill level 5 in Fighting
   109 | D        | Reached skill level 5 in Armour
   109 | D        | Reached skill level 5 in Shields
   109 | D        | Reached skill level 1 in Invocations
   109 | D        | Reached skill level 1 in Evocations
   109 | D        | Reached XP level 2. HP: 29/29 MP: 0/2
   111 | D        | Entered arena 2.
   111 | D        | Noticed a wolf
   111 | D        | Noticed a black bear
   111 | D        | Found a transporter.
   114 | D        | Noticed a red devil
   116 | D        | Killed a wolf
   116 | D        | Reached skill level 5 in Axes
   116 | D        | Reached skill level 6 in Shields
   116 | D        | Reached XP level 3. HP: 33/37 MP: 0/3
   116 | D        | Reached XP level 4. HP: 40/44 MP: 0/4
   116 | D        | Killed a black bear
   116 | D        | Reached skill level 5 in Dodging
   116 | D        | Reached XP level 5. HP: 46/51 MP: 0/6
   126 | D        | Got the ring of the Shining Light {rPois Str+6 Int-3 Dex+10
                  | Stlth-}
   170 | D        | Entered arena 3.
   170 | D        | Noticed an ice beast
   170 | D        | Noticed an ice beast
   170 | D        | Found a transporter.
   173 | D        | Reached * piety under Qazlal
   174 | D        | Killed an ice beast
   174 | D        | Reached skill level 7 in Shields
   175 | D        | Killed an ice beast
   175 | D        | Reached ** piety under Qazlal
   175 | D        | Reached XP level 6. HP: 60/60 MP: 7/7
   188 | D        | Entered arena 4.
   188 | D        | Noticed a merfolk
   188 | D        | Noticed a merfolk
   188 | D        | Noticed a merfolk
   188 | D        | Noticed a merfolk
   188 | D        | Found a transporter.
   192 | D        | Killed a merfolk
   192 | D        | Reached skill level 8 in Shields
   193 | D        | Killed a merfolk
   193 | D        | Reached XP level 7. HP: 69/69 MP: 7/9
   195 | D        | Killed a merfolk
   195 | D        | Reached skill level 9 in Shields
   197 | D        | Killed a merfolk
   197 | D        | Reached *** piety under Qazlal
   197 | D        | Reached skill level 5 in Invocations
   210 | D        | Got the amulet of Lusonnib {Fragile rPois Regen+ Str+4}
   231 | D        | Entered arena 5.
   231 | D        | Found a transporter.
   235 | D        | Reached **** piety under Qazlal
   235 | D        | Reached XP level 8. HP: 68/78 MP: 10/10
   276 | D        | Entered arena 6.
   276 | D        | Found a transporter.
   280 | D        | Reached ***** piety under Qazlal
   294 | D        | Got the cursed ring "Avvaomo" {Str+2 Dex-2 Slay+3}
   322 | D        | Entered arena 7.
   322 | D        | Noticed a slime creature
   324 | D        | Found a transporter.
   329 | D        | Reached skill level 10 in Armour
   329 | D        | Reached skill level 10 in Shields
   331 | D        | Killed a slime creature
   331 | D        | Reached skill level 10 in Fighting
   331 | D        | Reached skill level 5 in Evocations
   412 | D        | Entered arena 8.
   412 | D        | Noticed an eye of devastation
   412 | D        | Noticed a slime creature
   413 | D        | Found a transporter.
   416 | D        | Killed a slime creature
   416 | D        | Reached ****** piety under Qazlal
   416 | D        | Reached skill level 10 in Axes
   417 | D        | Reached XP level 9. HP: 86/86 MP: 12/12
   418 | D        | Killed an eye of devastation
   425 | D        | Entered arena 9.
   425 | D        | Noticed a merfolk
   425 | D        | Noticed a merfolk
   426 | D        | Found a transporter.
   429 | D        | Reached skill level 11 in Shields
   433 | D        | Killed a merfolk
   433 | D        | Reached skill level 10 in Dodging
   433 | D        | Killed a merfolk
   455 | D        | Got the ring of the Saviour {rCorr Dex+6}
   482 | D        | Entered arena 10.
   482 | D        | Noticed a greater mummy
   482 | D        | Noticed a guardian mummy
   483 | D        | Found a transporter.
   485 | D        | Noticed an orange demon
   489 | D        | Killed a guardian mummy
   489 | D        | Noticed a reaper
   494 | D        | Noticed a sun demon
   494 | D        | Noticed an orange demon
   496 | D        | Killed a greater mummy
   496 | D        | Reached skill level 13 in Shields
   496 | D        | Reached XP level 10. HP: 24/100 MP: 6/14
   509 | D        | Got the ring "Willos" {+Inv rF+ MR+}
   792 | D        | Entered arena 11.
   792 | D        | Noticed a black mamba
   793 | D        | Found a transporter.
   796 | D        | Killed a black mamba
   825 | D        | Entered arena 12.
   825 | D        | Noticed a storm dragon
   825 | D        | Noticed a spriggan air mage
   825 | D        | Noticed a spriggan air mage
   825 | D        | Noticed a spriggan air mage
   826 | D        | Noticed a spriggan air mage
   827 | D        | Noticed a storm dragon
   829 | D        | Killed a spriggan air mage
   829 | D        | Reached XP level 11. HP: 55/107 MP: 14/16
   829 | D        | Killed a spriggan air mage
   829 | D        | Killed a spriggan air mage
   836 | D        | Killed a spriggan air mage
   840 | D        | Killed a storm dragon
   840 | D        | Reached skill level 14 in Shields
   845 | D        | Killed a storm dragon
   851 | D        | Found a transporter.
  1069 | D        | Entered arena 13.
  1069 | D        | Noticed a frost giant
  1069 | D        | Noticed a frost giant
  1069 | D        | Noticed a blizzard demon
  1070 | D        | Noticed an ice dragon
  1071 | D        | Found a transporter.
  1079 | D        | Killed an ice dragon
  1083 | D        | Killed a frost giant
  1083 | D        | Killed a blizzard demon
  1083 | D        | Reached skill level 15 in Armour
  1083 | D        | Reached skill level 15 in Shields
  1083 | D        | Reached XP level 12. HP: 50/118 MP: 10/17
  1084 | D        | Killed a frost giant
  1084 | D        | Reached skill level 15 in Fighting
  1319 | D        | Entered arena 14.
  1320 | D        | Noticed a reaper
  1320 | D        | Noticed a reaper
  1323 | D        | Found a transporter.
  1330 | D        | Reached skill level 15 in Axes
  1334 | D        | Killed a reaper
  1337 | D        | Killed a reaper
  1356 | D        | Entered arena 15.
  1356 | D        | Noticed an ice dragon
  1356 | D        | Noticed a blizzard demon
  1356 | D        | Noticed a frost giant
  1357 | D        | Noticed an ice dragon
  1358 | D        | Noticed a frost giant
  1359 | D        | Found a transporter.
  1364 | D        | Killed an ice dragon
  1364 | D        | Reached skill level 16 in Shields
  1365 | D        | Killed a blizzard demon
  1365 | D        | Reached skill level 10 in Invocations
  1370 | D        | Killed an ice dragon
  1370 | D        | Killed a frost giant
  1373 | D        | Killed a frost giant
  1396 | D        | Got the amulet "Neyhin" {Acrobat -Tele rPois Str+3}
  1678 | D        | Entered arena 16.
  1685 | D        | Reached skill level 15 in Dodging
  1686 | D        | Found a transporter.
  1689 | D        | Reached XP level 13. HP: 128/130 MP: 19/19
  1742 | D        | Entered arena 17.
  1748 | D        | Found a transporter.
  1802 | D        | Got the ring "Geziolao" {rElec Stlth+}
  1812 | D        | Got the ring "Zoryareome" {Fire rN+}
  1831 | D        | Entered arena 18.
  1842 | D        | Found a transporter.
  1842 | D        | Reached skill level 17 in Shields
  1842 | D        | Lost intelligence.
  1850 | D        | Got the ring of Kususus {rC++ MP+9 Slay+3}
  1856 | D        | Got the amulet "Atorea" {Acrobat +Blink Str+2}
  1984 | D        | Entered arena 19.
  1986 | D        | Noticed a merfolk impaler
  1987 | D        | Noticed a merfolk impaler
  1987 | D        | Noticed a merfolk impaler
  1987 | D        | Noticed a merfolk impaler
  1987 | D        | Noticed a merfolk impaler
  2000 | D        | Killed a merfolk impaler
  2000 | D        | Reached skill level 10 in Evocations
  2004 | D        | Killed a merfolk impaler
  2004 | D        | Reached skill level 18 in Shields
  2006 | D        | Killed a merfolk impaler
  2009 | D        | Killed a merfolk impaler
  2020 | D        | Killed a merfolk impaler
  2053 | D        | Found a transporter.
  2065 | D        | Got the ring "Ikhlioh" {rN++ MR+}
  2149 | D        | Entered arena 20.
  2155 | D        | Noticed a reaper
  2159 | D        | Found a transporter.
  2171 | D        | Killed a reaper
  2171 | D        | Reached skill level 19 in Shields
  2190 | D        | Got the +1 pair of boots of Cloud Cover {rElec rCorr Dex+4
                  | Stlth+}
  2192 | D        | Got the ring of the Cricket {rElec MR+ Slay-5 Stlth+}
  2214 | D        | Got the ring "Ewyo" {rElec rC+++ Str+2 Int-4 Stlth+}
  2217 | D        | Got the ring "Zoutapad" {Ice rElec rN++ Int+2 Dex-5 Stlth+}
  2224 | D        | Got the ring "Cerghunn" {rCorr rPois rC+ MP+9 Stlth-}
  2229 | D        | Entered arena 21.
  2243 | D        | Reached XP level 14. HP: 104/144 MP: 13/21
  2245 | D        | Reached skill level 20 in Shields
  2258 | D        | Found a transporter.
  2304 | D        | Got the amulet "Aniowkaa" {+Rage rPois MR+}
  2315 | D        | Got a faintly humming shield
  2326 | D        | Identified the +3 shield of Paimnep {rF+ rC+} (You acquired
                  | it in the Dungeon)
  2354 | D        | Got the ring "Uluikoth" {Wiz Str+5}
  2387 | D        | Entered arena 22.
  2387 | D        | Noticed a vampire knight
  2388 | D        | Noticed a vampire knight
  2391 | D        | Noticed a ghoul
  2392 | D        | Noticed a ghoul
  2392 | D        | Noticed a lich
  2395 | D        | Noticed an ancient lich
  2396 | D        | Noticed a ghoul
  2396 | D        | Noticed a lich
  2397 | D        | Noticed a lich
  2400 | D        | Killed a vampire knight
  2404 | D        | Killed a lich
  2406 | D        | Killed a ghoul
  2406 | D        | Killed a vampire knight
  2410 | D        | Killed a lich
  2410 | D        | Reached skill level 21 in Shields
  2413 | D        | Killed an ancient lich
  2416 | D        | Killed a ghoul
  2417 | D        | Killed a ghoul
  2417 | D        | Killed a lich
  2429 | D        | Got the ring "Puynuiha" {+Blink rF+ rN+ Int+4 Dex-4}
  2454 | D        | Found the +3 pair of gauntlets of War {Slay+5}
  2454 | D        | Found a transporter.
  2460 | D        | Got the ring of Joy {rF+ rC+ MR+}
  2626 | D        | Entered arena 23.
  2632 | D        | Noticed an emperor scorpion
  2632 | D        | Noticed a ghost moth
  2632 | D        | Noticed a ghost moth
  2632 | D        | Noticed an emperor scorpion
  2633 | D        | Noticed a ghost moth
  2638 | D        | Killed a ghost moth
  2638 | D        | Reached skill level 22 in Shields
  2638 | D        | Reached XP level 15. HP: 153/156 MP: 0/23
  2641 | D        | Killed a ghost moth
  2650 | D        | Killed a ghost moth
  2660 | D        | Found a transporter.
  2746 | D        | Got the amulet "Xoroick" {Faith *Slow +Inv Int+4}
  2871 | D        | Entered arena 24.
  2875 | D        | Noticed an electric golem
  2876 | D        | Noticed a storm dragon
  2876 | D        | Noticed an electric golem
  2876 | D        | Noticed a storm dragon
  2876 | D        | Noticed a titan
  2876 | D        | Noticed an electric golem
  2876 | D        | Noticed an electric golem
  2876 | D        | Noticed an electric golem
  2876 | D        | Noticed an electric golem
  2877 | D        | Noticed an electric golem
  2877 | D        | Noticed a titan
  2877 | D        | Noticed an electric golem
  2877 | D        | Noticed a titan
  2877 | D        | Noticed a titan
  2877 | D        | Noticed a titan
  2878 | D        | Noticed an electric golem
  2878 | D        | Noticed a titan
  2878 | D        | Noticed a storm dragon
  2880 | D        | Killed a titan
  2880 | D        | Killed an electric golem
  2880 | D        | Killed an electric golem
  2880 | D        | Reached skill level 23 in Shields
  2880 | D        | Killed a titan
  2884 | D        | Killed an electric golem
  2884 | D        | Killed an electric golem
  2887 | D        | Killed an electric golem
  2888 | D        | Killed a storm dragon
  2890 | D        | HP: 6/160 [electric golem/bolt of lightning (12)]
  2890 | D        | Killed from afar by a titan

Vault maps used:
D:        sprint_v

Skill      XL: |  1  2  3  4  5  6  7  8  9 10 11 12 13 14 15 |
---------------+----------------------------------------------+-----
Fighting       | 5 6 7 8 9 10 12 13 14 16 18 20 21 | 21.8
Axes           | 4 5 6 7 8 10 12 13 14 16 18 20 21 | 21.8
Armour         | 5 6 7 8 9 10 13 15 16 18 20 21 | 21.9
Dodging        | 3 4 5 6 8 9 11 13 15 16 18 20 | 20.2
Shields        | 5 6 7 8 9 10 13 15 16 19 22 23 | 23.3
Invocations    | 1 2 3 4 5 7 8 9 10 11 13 14 | 14.1
Evocations     | 1 2 3 4 5 6 7 8 9 10 12 13 | 13.1

Action                   |  1- 3 |  4- 6 |  7- 9 | 10-12 | 13-15 || total
-------------------------+-------+-------+-------+-------+-------++-------
Melee: Broad axe         |     4 |     8 |    34 |    59 |   132 ||   237
       Headbutt          |     1 |     4 |    10 |    18 |    37 ||    70
Throw: Tomahawk          |       |       |       |     2 |       ||     2
Invok: Disaster Area     |       |       |     1 |     2 |     5 ||     8
  Use: Potion            |     1 |       |     2 |     6 |     6 ||    15
       Scroll            |       |       |       |       |     3 ||     3
 Stab: Distracted        |       |       |       |     1 |     2 ||     3
       Petrified         |       |       |       |       |     2 ||     2
  Eat: Chunk             |       |       |       |     2 |     4 ||     6
Armor: Plate armour      |     9 |     7 |    16 |    34 |   121 ||   187
Dodge: Dodged            |       |     1 |     5 |    42 |   207 ||   255
       Deflected         |       |       |       |     8 |     4 ||    12
Block: Shield            |    15 |    19 |    65 |   181 |   452 ||   732
       Reflection        |       |       |     4 |     2 |     7 ||    13

Table legend:
 A = Non-vault XP
 B = Vault XP
 C = Vault XP percentage of total XP
 D = Non-vault monster count
 E = Vault monster count
 F = Vault count percentage of total count
                 A         B        C        D         E       F
            +---------+---------+-------+---------+---------+-------
      Total |       0 |  140229 | 100.0 |       0 |     299 | 100.0
            +---------+---------+-------+---------+---------+-------
          D |       0 |  140229 | 100.0 |       0 |     299 | 100.0
            +---------+---------+-------+---------+---------+-------
